 Dungeon Crawl Stone Soup version 0.27.1 (webtiles) character file.

Game seed: 1460245155694610176

79 dtburroughs the Skirmisher (level 4, -1/41 HPs)
             Began as a Minotaur Berserker on Aug 22, 2021.
             Was a Believer of Trog.
             Slain by a goblin (6 damage)
             ... led by Robin
             ... on level 3 of the Dungeon.
             The game lasted 00:04:16 (1646 turns).

dtburroughs the Skirmisher (Minotaur Berserker)     Turns: 1646, Time: 00:04:17

Health: -1/41      AC:  9    Str: 21    XL:     4   Next: 16%
Magic:  3/3        EV:  5    Int:  5    God:    Trog [**....]
Gold:   84         SH:  7    Dex: 10    Spells: 3/3 levels left

rFire    . . .     SeeInvis .   a - +0 hand axe
rCold    . . .     Faith    .   j - +0 kite shield
rNeg     . . .     Spirit   .   f - +0 chain mail
rPois    .         Reflect  .   (helmet restricted)
rElec    .         Harm     .   (no cloak)
rCorr    .         Rampage  .   (no gloves)
Will     .....                  (no boots)
Stlth    ..........             (no amulet)
HPRegen  0.13/turn              c - ring of flight
MPRegen  0.08/turn              (no ring)

@: lethally poisoned (-1 -> -6), on berserk cooldown, flying, slowed, very slow
A: horns 2, retaliatory headbutt
a: Renounce Religion, Berserk, Trog's Hand


You were on level 3 of the Dungeon.
You worshipped Trog.
Trog was pleased with you.
You visited 1 branch of the dungeon, and saw 3 of its levels.

You collected 84 gold pieces.

Inventory:

Hand Weapons
 a - a +0 hand axe (weapon)
Armour
 b - a +0 animal skin
 f - a +0 chain mail (worn)
 j - a +0 kite shield (worn)
Jewellery
 c - a ring of flight (left hand)
Scrolls
 d - a scroll of teleportation {unknown}
 e - 2 scrolls of identify {unknown}
 i - a scroll of enchant armour {unknown}
 k - a scroll of vulnerability {unknown}
Potions
 g - 2 potions of heal wounds {unknown}
 h - a potion of degeneration {unknown}


   Skills:
 + Level 4.3 Fighting
 + Level 4.3 Axes
 + Level 3.3 Armour
 + Level 3.0 Dodging
 + Level 0.6 Shields


You had 3 spell levels left.
You didn't know any spells.
Your spell library was empty.

Dungeon Overview and Level Annotations

Branches:
Dungeon (3/15)

Altars:

Shops:
D:1 =

Annotations:
D:3 Robin


Innate Abilities, Weirdness & Mutations

You have a pair of horns on your head.
You reflexively headbutt those who attack you in melee.


Message History

You feel yourself slow down. Something throws the goblin at you!
The adder closely misses you. You block the goblin's attack.
You hit the hobgoblin. Your headbutt misses the hobgoblin.
The hobgoblin is almost dead.
You hit the goblin. You hit the adder.
You kill the adder!
Trog accepts your kill.
The hobgoblin no longer looks unusually strong.
The hobgoblin hits you but does no damage.
The goblin hits you but does no damage. The goblin hits you with a +0 dagger.
* * * LOW HITPOINT WARNING * * *
The goblin hits you but does no damage.
The hobgoblin hits you but does no damage.
Your Dodging skill increases to level 3!
You have reached level 4!
You feel agile.
The goblin no longer looks unusually strong.
The goblin hits you but does no damage. The adder bites you but does no damage.
You slash the adder!
The adder is severely wounded.
You hit the goblin.
You kill the goblin!
Trog accepts your kill.
You hit the goblin.
You kill the goblin!
Trog accepts your kill.
You hit the hobgoblin.
You kill the hobgoblin!
Trog accepts your kill. The adder closely misses you.
A goblin comes into view. It is wielding a +0 club.
The adder bites you but does no damage. Something hits you.
* * * LOW HITPOINT WARNING * * *
You blink.
Found 6 gold pieces.
The goblin moves out of view.
The adder bites you.
* * * LOW HITPOINT WARNING * * *
You are lethally poisoned!
The adder poisons you! Something throws the goblin at you!
The adder barely misses you. The goblin hits you with a +0 club.
You die...

........ # ......
.#. ..... ... #
#######.#.##.###
..................
###.##...#.#....###
...........g..$...
#.........@.......
#....#..#S########
#.#.#..............
.....#...........
#.#.#.)#)..........
......†.<..........
....[###...).......
... #..†...#### .
#...)..#


You could see an adder and a goblin (strong).

Vanquished Creatures
  2 adders
  2 dart slugs (D:1)
  2 ball pythons
  6 endoplasms
  4 giant cockroaches
  6 goblins
  7 hobgoblins
  2 jackals (D:1)
  2 quokkas
  4 bats
  4 frilled lizards
  4 kobolds (D:1)
  5 rats
50 creatures vanquished.

Vanquished Creatures (others)
  7 fungi (D:2)
  3 plants (D:2)
10 creatures vanquished.

Grand Total: 60 creatures vanquished

Notes
Turn   | Place    | Note
-------+----------+-------------------------------------------
     0 | D:1      | dtburroughs the Minotaur Berserker began the quest for the
                  | Orb.
     0 | D:1      | Reached XP level 1. HP: 19/19 MP: 0/0
   283 | D:1      | Reached XP level 2. HP: 22/27 MP: 1/1
   451 | D:1      | Found Abioprik's Jewellery Shoppe.
   595 | D:1      | Reached XP level 3. HP: 24/33 MP: 2/2
   862 | D:1      | Reached ** piety under Trog
  1375 | D:2      | Found a faded altar of an unknown god.
  1627 | D:3      | Noticed Robin
  1642 | D:3      | Reached XP level 4. HP: 11/41 MP: 3/3
  1646 | D:3      | Slain by a goblin

Illustrated notes

Levels and vault maps discovered:
D:1:      dpeg_arrival_court, layout_rooms, serial_shops, shop,
          kennysheep_nondescript
D:2:      layout_rooms, dreamdust_ecumenical_altar_grove
D:3:      layout_basic, portal_sewer_entry_f, uniq_robin

Skill      XL: |  1  2  3 |
---------------+----------+-----
Fighting       | 4 |  4.3
Axes           | 4 |  4.3
Armour         | 3 |  3.3
Dodging        | 3 |  3.0
Shields        | |  0.6

Action                   |  1- 3 |  4- 6 || total
-------------------------+-------+-------++-------
Melee: Hand axe          |    81 |     1 ||    82
       Headbutt          |     9 |       ||     9
Invok: Berserk           |     1 |       ||     1
Armor: Animal skin       |    12 |       ||    12
       Chain mail        |    32 |     3 ||    35
Dodge: Dodged            |    56 |     2 ||    58
Block: Kite shield       |     7 |       ||     7
